 Dungeon Crawl Stone Soup version 0.28-a0-206-gc2c9e32840 (webtiles) character file.

Game seed: 11346659446519754387

1004 willcat the Covert (level 8, -8/69 HPs)
             Began as a Kobold Delver on Aug 20, 2021.
             Killed from afar by Dowan (24 damage)
             ... with a shard of ice
             ... on level 6 of the Dungeon.
             The game lasted 00:02:28 (1976 turns).

willcat the Covert (Kobold Delver)                  Turns: 1976, Time: 00:02:28

Health: -8/69      AC: 24    Str: 10    XL:     8   Next: 43%
Magic:  7/7        EV:  3    Int: 11    God:
Gold:   101        SH:  0    Dex: 18    Spells: 5/7 levels left

rFire   . . .      SeeInvis .   a - +0 short sword
rCold   . . .      Faith    .   (shield restricted)
rNeg    + + +      Spirit   .   (armour currently unavailable)
rPois   +          Reflect  .   (helmet currently unavailable)
rElec   .          Harm     .   (cloak currently unavailable)
rCorr   .          Rampage  .   (gloves currently unavailable)
Will    .....      NoTele   +   (boots currently unavailable)
Stlth   ++++++....              (no amulet)
HPRegen 0.21/turn               (no ring)
MPRegen 0.10/turn               (no ring)

@: tree-form, hasted, very quick
A: stationary, stasis, torment immunity, boosted hp, small, no large weapons,
nightstalker 3, low mp 1
a: no special abilities


You were on level 6 of the Dungeon.
You were a tree.
You visited 1 branch of the dungeon, and saw 3 of its levels.

You collected 101 gold pieces.

Inventory:

Hand Weapons
 a - a +0 short sword (weapon)
 b - a +0 dagger
Missiles
 m - a throwing net (quivered)
Armour
 h - a +0 leather armour (melded)
Magical Staves
 j - a staff of cold
Jewellery
 k - a ring of fire
Wands
 g - a wand of digging (3)
Scrolls
 c - a scroll of fog
 d - a scroll of magic mapping
 e - 2 scrolls of fear
 i - 2 scrolls of identify {unknown}
Potions
 n - a potion of mutation


   Skills:
 - Level 3.2 Fighting
 + Level 7.4 Short Blades
 + Level 6.8 Dodging
 + Level 10.1 Stealth


You had 5 spell levels left.
You knew the following spells:

 Your Spells              Type           Power      Damage    Failure   Level
a - Blink                 Tloc           N/A        N/A       47%         2

Your spell library contained the following spells:

 Spells                   Type           Power      Damage    Failure   Level
 Olgreb's Toxic Radiance  Pois           0%         N/A       98%         4
 Manifold Assault         Tloc           0%         N/A       100%        5
 Ozocubu's Refrigeration  Ice            0%         4d5       100%        7
 Storm Form               Tmut/Air       0%         N/A       100%        7
 Ignition                 Fire           0%         3d3       100%        8


Dungeon Overview and Level Annotations

Branches:
Dungeon (6/15)
 Temple: D:4-7

Altars:

Annotations:
D:6 Dowan


Innate Abilities, Weirdness & Mutations

You are a tree.
Your roots penetrate the ground, keeping you stationary.
You cannot be teleported.
You are immune to unholy pain and torment.
Your maximum health is greatly increased.
Your equipment is partially melded.
You are small and have problems with some larger weapons.
You are completely attuned to the shadows.
Your magical capacity is low. (-10% MP)


Message History

Dowan shakes with grief.
Dowan completely misses you.
Unknown command.
You hit Dowan.
Dowan is moderately wounded.
Dowan mumbles some strange words.
Dowan blinks!
You feel yourself speed up.
Dowan points at you and mumbles some strange words.
The shard of ice hits you! The water moccasin skeleton misses you.
Dowan points at you and mumbles some strange words.
The stone arrow misses you.
Unknown command.
Found a stone staircase leading up.
Dowan says, "Her death will not be in vain!"
Dowan gestures wildly while chanting.
Dowan blinks!
It was a potion of mutation.
You feel extremely strange.
You feel less energetic. Dowan hits you with a +0 dagger.
* * * LOW HITPOINT WARNING * * *
Unknown command.
It was a potion of lignification.
You turn into a tree.
Your +0 leather armour melds into your body.
Your roots penetrate the ground.
Dowan barely misses you.
You closely miss Dowan.
Dowan is moderately wounded.
Dowan hits you but does no damage.
You hit Dowan but do no damage.
Dowan is moderately wounded.
Dowan hits you with a +0 dagger.
* * * LOW HITPOINT WARNING * * *
You barely miss Dowan.
Dowan is moderately wounded.
Dowan hits you but does no damage.
You hit Dowan.
Dowan is severely wounded.
Dowan points at you and mumbles some strange words.
The shard of ice hits you!!
You die...

###.... ..
......# #
###.. ##...#
#.## #......
#....
#..)###.# #.#
#.#..
#.......# #.#
#.###
#..####.###.#
#.#
...####....>#
#.#
..<.♣eZ...#.#
#.#
.#.########.#
##.# # #.#
#..### #.#
#.###. #.#
#.# #. #.#
#.# #. #.#
#.# #. #.#
#.# #. ####.#
#.# #.


You could see Dowan (fast) and a water moccasin skeleton.

Vanquished Creatures
  2 water moccasins
  Duvessa (D:6)
  An ice beast (D:6)
  An ogre (D:5)
  A centaur (D:5)
  A scorpion (D:5)
  A howler monkey (D:6)
  A centaur zombie (D:5)
  A jelly (D:5)
  3 hounds
  2 gnoll shamans
  An iguana (D:5)
  A hound skeleton (D:5)
  7 gnolls
  An adder (D:5)
  A shadow imp (D:5)
  4 orcs (D:5)
  3 jackals (D:5)
  A quokka (D:4)
34 creatures vanquished.

Notes
Turn   | Place    | Note
-------+----------+-------------------------------------------
     0 | D:5      | willcat the Kobold Delver began the quest for the Orb.
     0 | D:5      | Reached XP level 1. HP: 14/14 MP: 1/1
    42 | D:5      | Reached XP level 2. HP: 11/19 MP: 2/2
   245 | D:4      | Reached skill level 7 in Stealth
   245 | D:4      | Reached XP level 3. HP: 18/23 MP: 3/3
   250 | D:4      | Reached XP level 4. HP: 22/28 MP: 4/4
   339 | D:5      | Noticed a water moccasin
   341 | D:5      | Killed a water moccasin
   342 | D:5      | Reached skill level 8 in Stealth
   342 | D:5      | Reached XP level 5. HP: 32/32 MP: 5/5
   368 | D:5      | Reached skill level 5 in Short Blades
   368 | D:5      | Reached XP level 6. HP: 28/37 MP: 6/6
   478 | D:5      | Noticed an ogre
   482 | D:5      | Killed an ogre
   483 | D:5      | Reached skill level 5 in Dodging
   837 | D:5      | Reached XP level 7. HP: 41/41 MP: 7/7
   975 | D:5      | Reached skill level 9 in Stealth
   979 | D:5      | Learned a level 2 spell: Blink
  1430 | D:6      | Noticed a water moccasin
  1433 | D:6      | Killed a water moccasin
  1434 | D:6      | Reached XP level 8. HP: 46/46 MP: 8/8
  1950 | D:6      | Noticed Duvessa
  1951 | D:6      | Noticed Dowan
  1954 | D:6      | Killed Duvessa
  1955 | D:6      | Reached skill level 10 in Stealth
  1971 | D:6      | Gained mutation: Your magical capacity is low. (-10% MP)
                  | [potion of mutation]
  1976 | D:6      | Killed from afar by Dowan

Illustrated notes

Levels and vault maps discovered:
D:4:      layout_rooms
D:5:      layout_layer_cave
D:6:      layout_loops_ring, uniq_duvessa

Skill      XL: |  1  2  3  4  5  6  7  8 |
---------------+-------------------------+-----
Short Blades   | 3 4 5 6 7 |  7.4
Dodging        | 3 4 5 6 |  6.8
Stealth        | 7 8 9 10 | 10.1
Fighting       | |  3.2

Action                   |  1- 3 |  4- 6 |  7- 9 || total
-------------------------+-------+-------+-------++-------
Melee: Short sword       |    18 |    34 |    61 ||   113
       Dagger            |     4 |    11 |     8 ||    23
  Use: Potion            |       |       |     3 ||     3
 Stab: Sleeping          |     3 |     5 |    14 ||    22
Armor: Leather armour    |     4 |     7 |    11 ||    22
       Skin              |       |       |     2 ||     2
Dodge: Dodged            |    16 |    33 |    46 ||    95

Table legend: (Time is in decaauts)
 A = Elapsed time spent in this place.
 B = Non-inter-level travel time spent in this place.
 C = Inter-level travel time spent in this place.
 D = Time resting spent in this place.
 E = Time spent auto-exploring this place.
 F = Levels seen in this place.
 G = Mean time per level.
                   A        B        C        D        E       F      G
               +--------+--------+--------+--------+--------+-----+--------+
         Total |   1946 |   1940 |      6 |    441 |   1165 |   3 |  648.7 |
       Dungeon |   1946 |   1940 |      6 |    441 |   1165 |   3 |  648.7 |
               +--------+--------+--------+--------+--------+-----+--------+

Top non-repeatable levels by time:
     D:5: 1220 daAuts
     D:6: 631 daAuts
     D:4: 93 daAuts
